 Dungeon Crawl Stone Soup version 0.21-a0-171-g0f4a3b6 (webtiles) character file.

409 Lavandula the Cutter (level 7, 22/52 HPs)
             Began as a Formicid Artificer on Aug 7, 2017.
             Quit the game on level 6 of the Dungeon.
             The game lasted 00:12:31 (1961 turns).

Lavandula the Cutter (Formicid Artificer)           Turns: 1961, Time: 00:12:31

Health: 22/52      AC:  7    Str: 16    XL:     7   Next: 13%
Magic:  9/9        EV: 13    Int: 11    God:
Gold:   74         SH:  0    Dex: 13    Spells: 6/6 levels left

rFire    + . .     SeeInvis +   a - +0 short sword
rCold    . . .     Gourm    .   (no shield)
rNeg     . . .     Faith    .   s - +1 leather armour {rF+}
rPois    .         Spirit   .   (helmet unavailable)
rElec    .         Reflect  .   (no cloak)
rCorr    .         Harm     .   r - +2 pair of gloves
MR       .....                  (no boots)
Stlth    +.........             (no amulet)
HPRegen  0.17/turn              (no ring)
MPRegen  0.11/turn              (no ring)

@: no status effects
A: permanent stasis, dig shafts and tunnels, four strong arms, antennae 3
a: Dig, Shaft Self


You were on level 6 of the Dungeon.
You were hungry.

You visited 2 branches of the dungeon, and saw 7 of its levels.

You collected 74 gold pieces.

Inventory:

Hand Weapons
 a - a +0 short sword (weapon)
 g - a cursed -2 dagger
Missiles
 k - 2 exploding tomahawks (quivered)
 q - a throwing net
Armour
 m - a +0 chain mail
 r - a +2 pair of gloves (worn)
 s - a +1 leather armour of fire resistance (worn)
 u - a +0 shield
Jewellery
 i - an uncursed ring of ice
Wands
 c - a wand of flame (0/48)
 d - a wand of enslavement (11/24)
 e - a wand of random effects (9/48)
 w - a wand of lightning (0/15)
Scrolls
 h - a scroll of fog
 l - a scroll of recharging
 v - a scroll of immolation
Potions
 b - a potion of ambrosia {unknown}
 j - a potion of curing {unknown}
 n - a potion of heal wounds
 o - a potion of haste {unknown}
Comestibles
 f - 4 bread rations
 p - 2 royal jellies
 t - a meat ration


   Skills:
 + Level 3.0 Fighting
 - Level 4.1 Short Blades
 - Level 3.2 Dodging
 - Level 1.2 Stealth
 - Level 4.0 Shields
 - Level 3.2 Evocations


You had 6 spell levels left.
You didn't know any spells.

Dungeon Overview and Level Annotations

Branches:
Dungeon (6/15)             Temple (1/1) D:6

Altars:
Ashenzari
Cheibriados
Dithmenos
Fedhas
Gozag
Kikubaaqudgha
Makhleb
Nemelex Xobeh
Okawaru
Qazlal
Ru
Sif Muna
Uskayaw
Vehumet
Wu Jian
Xom
Yredelemnul
The Shining One

Annotations:
D:4 Grinder


Innate Abilities, Weirdness & Mutations

You cannot be hasted, slowed, berserked, paralysed or teleported.
You can dig through walls and to a lower floor.
Your four strong arms can wield two-handed weapons with a shield.
You have a pair of large antennae on your head. (SInv)


Message History

The phantom seems to slow down.
This wand has 9 charges left.
The phantom disappears!
The sky beast flickers out of sight for a moment.
You hit the sky beast but do no damage. The sky beast hits you.
The sky beast shocks you.
You miss the sky beast. The sky beast misses you.
You hit the sky beast.
The sky beast is lightly wounded.
You closely miss the sky beast.
The sky beast is lightly wounded.
The sky beast hits you. The sky beast shocks you.
You hit the sky beast but do no damage.
The sky beast is lightly wounded.
The sky beast hits you. The sky beast shocks you.
You hit the sky beast.
The sky beast is moderately wounded.
The sky beast hits you but does no damage.
Welcome back, Lavandula the Formicid Artificer.
Press ? for a list of commands and other information.
Are you sure you want to abandon this character and quit the game? (Confirm with "yes".)

#.#.. ##...## #.####
##+## #.# #{# ##.#####
#Y# #......# ####.####
#..###.# #.......#
#..# .#####.......#
#..###Y##......).#.#
#....@....##'##<##.###
#.####.##.##.##)......
#. .# #8.8#)##.### ##
## ##.##.##.#
#.##.##.# ##.##....#
#8.8#.#### #
##.#########
#8##8##.##8##8##8


You could see a sky beast (invisible).

Vanquished Creatures
  An ice beast (D:6)
  A centaur (D:6)
  3 orc wizards
  An iguana (D:4)
  4 adders
  2 oozes
  An adder skeleton (D:4)
  3 leopard geckos
  7 orcs
  4 bats
  A giant cockroach (D:4)
  6 goblins
  2 hobgoblins
  3 jackals (D:5)
  3 quokkas
  A ball python (D:3)
  2 frilled lizards
  3 kobolds
  5 rats
  A butterfly (D:6)
54 creatures vanquished.

Vanquished Creatures (collateral kills)
  An iguana (D:6)
1 creature vanquished.

Vanquished Creatures (others)
  A bullfrog (D:6)
  A worker ant (D:6)
  4 toadstools (D:1)
6 creatures vanquished.

Grand Total: 61 creatures vanquished

Notes
Turn   | Place    | Note
-------+----------+-------------------------------------------
     0 | D:1      | Lavandula the Formicid Artificer began the quest for the Orb.
     0 | D:1      | Reached XP level 1. HP: 15/15 MP: 3/3
   117 | D:2      | Reached XP level 2. HP: 15/21 MP: 4/4
   522 | D:2      | Reached XP level 3. HP: 24/26 MP: 5/5
   631 | D:3      | Found a radiant altar of Vehumet.
   631 | D:3      | Found a stormy altar of Qazlal.
   775 | D:3      | Found an opulent altar of Gozag.
   903 | D:3      | Found a shimmering altar of Xom.
   958 | D:4      | Reached XP level 4. HP: 32/32 MP: 6/6
  1055 | D:4      | Reached XP level 5. HP: 29/37 MP: 7/7
  1073 | D:4      | Noticed Grinder
  1314 | D:4      | Found a shadowy altar of Dithmenos.
  1319 | D:5      | Entered Level 5 of the Dungeon
  1378 | D:5      | Reached skill level 1 in Shields
  1665 | D:6      | Found a staircase to the Ecumenical Temple.
  1673 | D:6      | Noticed a centaur
  1695 | D:6      | Killed a centaur
  1695 | D:6      | Reached XP level 6. HP: 38/43 MP: 8/8
  1696 | D:6      | Noticed a phantom
  1704 | D:6      | Noticed a sky beast
  1768 | Temple   | Entered the Ecumenical Temple
  1886 | D:6      | Noticed an ice beast
  1893 | D:6      | Killed an ice beast
  1893 | D:6      | Reached XP level 7. HP: 38/52 MP: 9/9
  1961 | D:6      | Quit the game

Vault maps used:
D:1:      ldierk_walled_garden_2
D:2:      hangedman_abyss_or_decor_lesser_grid, chequers_big_river
D:3:      gammafunk_temple_overflow_elements, overflow_temple_1_default,
          overflow_temple_1_default
D:4:      nicolae_overflow_hidden_temple, first_bread,
          nicolae_tso_swordbearing_angel, uniq_sigmund, uniq_grinder, uniq_ijyb,
          uniq_crazy_yiuf_cottage
D:6:      minmay_temple_entry_butterflies, dk_noncrumbling_2
Temple:   nicolae_temple_figure_eight

Skill      XL: |  1  2  3  4  5  6 |
---------------+-------------------+-----
Short Blades   | 2 3 4 |  4.1
Dodging        | 2 3 |  3.2
Shields        | 3 4 |  4.0
Fighting       | 3 |  3.0
Stealth        | |  1.2
Evocations     | |  3.2

Action                   |  1- 3 |  4- 6 |  7- 9 || total
-------------------------+-------+-------+-------++-------
Melee: Short sword       |    95 |   141 |    14 ||   250
Throw: Tomahawk          |       |     6 |       ||     6
 Abil: Dig               |       |     2 |       ||     2
Evoke: Wand              |     4 |    16 |     7 ||    27
  Use: Scroll            |     5 |     3 |       ||     8
       Potion            |       |     1 |       ||     1
 Stab: Sleeping          |     1 |       |       ||     1
  Eat: Chunk             |       |     3 |       ||     3
Armor: Leather armour    |    24 |    29 |     5 ||    58
Dodge: Dodged            |    48 |    86 |     2 ||   136
